[Event "45th FIDE Olympiad 2024"]
[Site "Budapest"]
[Date "2024.09.14"]
[Round "4.20"]
[White "Oratile, Kgotlane"]
[Black "Alabdaljader, Mohammed"]
[Result "1-0"]
[ECO "C44"]
[WhiteElo "1975"]
[BlackElo "1677"]
[PlyCount "79"]
[EventDate "2024.09.05"]
[EventType "team-tourn"]
[EventCountry "HUN"]
[WhiteTeam "Botswana"]
[BlackTeam "Kuwait"]
[WhiteTeamCountry "BOT"]
[BlackTeamCountry "KUW"]
[TimeControl "40/5400+30:1800+30"]

1. e4 e5 2. Nf3 Nc6 3. d3 Nf6 4. g3 d6 5. Bg2 Be7 6. O-O Bg4 7. h3 Bh5 8. c3 Qd7 9. Kh2 h6 10. Re1 O-O-O 11. Qa4 Kb8 12. b4 Bxf3 13. Bxf3 Nd4 14. Qd1 Nxf3+ 15. Qxf3 g5 16. Kg2 g4 17. hxg4 Nxg4 18. Qf5 Qxf5 19. exf5 h5 20. Rh1 h4 21. f3 h3+ 22. Rxh3 Rxh3 23. Kxh3 Nf2+ 24. Kg2 Nxd3 25. Bd2 d5 26. Na3 Nb2 27. Rh1 a5 28. Rh7 axb4 29. cxb4 Rg8 30. Rxf7 Bd6 31. Nb5 Nc4 32. Bh6 d4 33. f6 d3 34. Kf2 d2 35. Ke2 Rxg3 36. Rg7 e4 37. fxe4 d1=Q+ 38. Kxd1 Rd3+ 39. Ke2 Rd2+ 40. Bxd2 1-0

[Event "45th FIDE Olympiad 2024"]
[Site "Budapest"]
[Date "2024.09.14"]
[Round "4.21"]
[White "Duda, Jan-Krzysztof"]
[Black "Stremavicius, Titas"]
[Result "1-0"]
[ECO "B45"]
[WhiteElo "2732"]
[BlackElo "2527"]
[Annotator "TA"]
[PlyCount "93"]
[EventDate "2024.09.05"]
[EventType "team-tourn"]
[EventCountry "HUN"]
[SourceTitle "playchess.com"]
[Source "ChessBase"]
[SourceQuality "1"]
[WhiteTeam "Poland"]
[BlackTeam "Lithuania"]
[WhiteTeamCountry "POL"]
[BlackTeamCountry "LTU"]
[TimeControl "40/5400+30:1800+30"]

1. e4 c5 2. Nf3 e6 3. d4 cxd4 4. Nxd4 Nf6 5. Nc3 Nc6 6. a3 Be7 7. Be3 d6 8. Qe2 e5 9. Nb3 O-O {[%emt 0:00:12] The position is equal.} 10. O-O-O a6 11. h3 b5 12. f4 Be6 13. g4 b4 14. axb4 exf4 15. Bxf4 Nxb4 {[%emt 0:00:04] ...Rb8 is the strong threat.} 16. Bg2 (16. g5 $1 $11 Nd7 17. Kb1) 16... Rc8 $1 $17 17. Kb1 Qb6 $1 {[%emt 0:03:58][%cal Ob4c2] Threatens to win with ...Nxc2!} 18. Qe3 {[%emt 0:03:04] [#]} Qxe3 ({Black should play} 18... Qb7 $1 $17 {[%cal Ob4c2] White must now prevent ...Nxc2!} 19. Nd4 Rb8) 19. Bxe3 $11 Nd7 20. Nd4 Ne5 21. Nf5 $36 {[%emt 0:02:07][%mdl 2048] White has strong initiative.} Rfe8 22. Bf4 (22. Nxd6 Bxd6 23. Rxd6 Nc4 $17) (22. Nxe7+ Rxe7 23. Bf1 (23. Rxd6 Nc4 $15) 23... Bc4 $14) (22. Bf1 {simplifies} Bxf5 23. exf5 Nc4 24. Bxc4 Rxc4 25. Rhf1) 22... Nc4 23. Nxe7+ (23. g5 {keeps more tension.} Bf8 24. Bf1 d5 25. Bxc4 dxc4 26. h4) 23... Rxe7 24. Bxd6 Nxd6 25. Rxd6 h5 26. gxh5 $18 Rc5 27. Bf3 Kh7 28. h4 f6 (28... a5 {keeps fighting.} 29. Rb6 g6 30. hxg6+ fxg6) 29. Rhd1 a5 30. Rb6 Bf7 {[%emt 0:03:37] [#]} (30... Re8 $142 31. Rb7 Rf8) 31. Nd5 $1 Re5 (31... Ra7 32. Rb8 Nxd5) 32. Rb7 $2 (32. Nxf6+ $18 {and the rest is easy.} gxf6 33. Rb7) 32... Bxd5 $16 33. exd5 Nxd5 34. Bxd5 Rexd5 {[%emt 0:00:25][%mdl 4096] Endgame. KRR-KRR} (34... Rcxd5 $16 {was worth a try.} 35. Rg1 Kh6 36. Rgxg7 (36. Rbxg7 Re1+ 37. Ka2 Rxg1 $11) 36... Kxh5) 35. Rg1 $18 Kh6 36. Rg2 {[%emt 0:01:27] Prevents Rd2} ({Don't do} 36. Rgxg7 $6 Kxh5 37. Rg1 Kh6) (36. Rbxg7 $18 {is the precise move to win. Hoping for R7g6+.} Rd1+ 37. Rxd1 Kxg7 38. Rd7+ Kh6 39. Rd6 Kxh5 40. Rxf6 Kxh4 41. Rg6) 36... Rc4 37. Rgxg7 Rxh4 (37... Kxh5 $16 38. Rbf7 Rf4) 38. Rg6+ {[%emt 0:00:34] White has a decisive advantage.} Kxh5 39. Rxf6 Kg5 40. Rf1 {[%emt 0:00:38] Against Rd1+} Kg6 41. Ka2 Rc5 42. c3 Ra4+ 43. Kb3 Rg4 44. Rb8 Kg7 {[%emt 0:00:12] Dodges Rg8+} 45. Rb6 Re4 46. Ka3 Rd5 47. Rbf6 {[%emt 0:00:00] White used his chance.   Weighted Error Value: White=0.22 (precise) /Black=0.35.  Missed win:     	White=1     	---        Mistake:       	White=2     	Black=7      Inaccurate:     	White=1     	Black=1      OK:         	White=18    	Black=15     Best:        	White=4     	Black=2      Strong:       	White=1     	Black=1} 1-0

[Event "45th FIDE Olympiad 2024"]
[Site "Budapest"]
[Date "2024.09.14"]
[Round "4.21"]
[White "Mafaaz Khalid"]
[Black "Tran, Tuan An"]
[Result "1/2-1/2"]
[ECO "D41"]
[WhiteElo "2069"]
[BlackElo "1916"]
[PlyCount "91"]
[EventDate "2024.09.05"]
[EventType "team-tourn"]
[EventCountry "HUN"]
[WhiteTeam "Pakistan"]
[BlackTeam "Guam"]
[WhiteTeamCountry "PAK"]
[BlackTeamCountry "GMA"]
[TimeControl "40/5400+30:1800+30"]

1. d4 Nf6 2. c4 e6 3. Nc3 d5 4. Nf3 c5 5. cxd5 cxd4 6. Qxd4 exd5 7. e4 dxe4 8. Qxd8+ Kxd8 9. Ng5 Be6 10. Nxe6+ fxe6 11. Bc4 Nc6 12. Bg5 Ke7 13. Nxe4 h6 14. Nxf6 hxg5 15. Ng4 Rd8 16. Rd1 Rxd1+ 17. Kxd1 Na5 18. Bd3 Kd6 19. Ke2 Be7 20. Rd1 Bf6 21. Be4+ Ke7 22. b4 Nc6 23. Bxc6 bxc6 24. Rd3 Rb8 25. Rb3 Rb5 26. a4 Rb8 27. Kd3 Rd8+ 28. Kc2 Rd4 29. h3 a5 30. b5 cxb5 31. axb5 a4 32. Rb1 Kd7 33. Nxf6+ gxf6 34. Kc3 Rf4 35. f3 Kc7 36. Rb4 Rf5 37. b6+ Kb7 38. Kb2 Rd5 39. Kc3 a3 40. Ra4 Kxb6 41. Rxa3 Kc7 42. Ra4 Kd6 43. f4 gxf4 44. Rxf4 Ke7 45. Rf1 Kf7 46. g3 1/2-1/2

[Event "45th FIDE Olympiad 2024"]
[Site "Budapest"]
[Date "2024.09.14"]
[Round "4.22"]
[White "Pultinevicius, Paulius"]
[Black "Wojtaszek, Radoslaw"]
[Result "1/2-1/2"]
[ECO "E23"]
[WhiteElo "2587"]
[BlackElo "2681"]
[Annotator "TA"]
[PlyCount "68"]
[EventDate "2024.09.05"]
[EventType "team-tourn"]
[EventCountry "HUN"]
[SourceTitle "playchess.com"]
[Source "ChessBase"]
[SourceQuality "1"]
[WhiteTeam "Lithuania"]
[BlackTeam "Poland"]
[WhiteTeamCountry "LTU"]
[BlackTeamCountry "POL"]
[TimeControl "40/5400+30:1800+30"]

1. d4 Nf6 2. c4 e6 3. Nc3 Bb4 4. Qb3 c5 5. dxc5 Nc6 6. Nf3 Ne4 7. Bd2 Nxd2 8. Nxd2 Bxc5 9. g3 b6 10. Bg2 Bb7 {[%emt 0:01:01] And now ...Nd4 would win.} 11. O-O Rc8 12. Rac1 O-O 13. Qa4 f5 14. Nb3 a6 15. Nxc5 bxc5 16. Rcd1 Qc7 17. f4 Nd4 18. Bxb7 Qxb7 19. Rd2 e5 20. fxe5 Rce8 21. Qa5 Qc6 (21... Rxe5 $6 22. Rxd4 cxd4 23. Qxe5 $16) 22. Nd5 f4 (22... Rxe5 $2 23. e3 $18) 23. gxf4 ({Much worse is} 23. Rxf4 Rxf4 24. Nxf4 (24. gxf4 Qg6+ 25. Kf1 Qb1+ 26. Kf2 Qh1 $11) 24... Qe4 $11) ({White should try} 23. Qa3 $14) 23... Qg6+ $11 24. Kf2 Rxe5 (24... Qg4 $1 $11 {remains equal.} 25. Qxc5 (25. Qxa6 $2 {loses.} Rxe5 26. e3 Nf3 $19) 25... Ne6) 25. Qxc5 $16 Nc6 {[%emt 0:00:02] [#]} (25... Nc2 $142 26. Rg1 Qh6 27. Rxc2 Qh4+ 28. Kg2 Rxf4) 26. Qxf8+ Kxf8 27. fxe5 Qe4 28. b3 Nxe5 29. Kg1+ Ke8 30. Nc7+ (30. Rf4 $16 Qb1+ 31. Kf2) 30... Kd8 $11 {[%emt 0:01:13] The position is equal.} 31. Nd5 {[%emt 0:00:04][%cal Rf1f8] Against Qe3+} Qg4+ 32. Kh1 Qe4+ 33. Kg1 Qg4+ 34. Kh1 Qe4+ {[%emt 0:00:05] Weighted Error Value: White=0.17 (very precise) /Black=0.13 (very precise) .  Mistake:       	White=3     	Black=2      OK:         	White=13    	Black=10     Best:        	White=4     	Black=2} 1/2-1/2

[Event "45th FIDE Olympiad 2024"]
[Site "Budapest"]
[Date "2024.09.14"]
[Round "4.22"]
[White "Mafnas, Peter"]
[Black "Amer Karim"]
[Result "0-1"]
[ECO "D02"]
[WhiteElo "1886"]
[BlackElo "2081"]
[PlyCount "112"]
[EventDate "2024.09.05"]
[EventType "team-tourn"]
[EventCountry "HUN"]
[WhiteTeam "Guam"]
[BlackTeam "Pakistan"]
[WhiteTeamCountry "GMA"]
[BlackTeamCountry "PAK"]
[TimeControl "40/5400+30:1800+30"]

1. Nf3 Nf6 2. g3 g6 3. Bg2 Bg7 4. O-O O-O 5. d4 d5 6. e3 Bf5 7. Nbd2 c5 8. b3 Nc6 9. a3 Rc8 10. Bb2 Ne4 11. c3 cxd4 12. cxd4 Na5 13. Rc1 Bg4 14. Rxc8 Qxc8 15. Qc1 Bxf3 16. Bxf3 Nxd2 17. Qxd2 Nxb3 18. Qb4 Qc4 19. Bc3 Qxb4 20. Bxb4 a5 21. Rb1 axb4 22. Rxb3 bxa3 23. Rxa3 e6 24. Rb3 Rb8 25. Rb6 Bf6 26. Be2 Bd8 27. Rb3 Ba5 28. Rb2 Kf8 29. Bb5 Rc8 30. Kf1 b6 31. Ke2 Rc1 32. Bd3 Ke7 33. Rc2 Re1+ 34. Kf3 Kd6 35. Bb5 Rb1 36. Rc6+ Ke7 37. Rc7+ Kf8 38. Bd3 Rb2 39. Rc2 Rb3 40. Ba6 Bc3 41. Ke2 Ke7 42. Kd3 Bb4+ 43. Ke2 Bd6 44. Bd3 b5 45. Kd2 h5 46. Rc6 b4 47. Ra6 Rb2+ 48. Ke1 e5 49. dxe5 Bxe5 50. Ra5 Bc3+ 51. Kf1 d4 52. e4 b3 53. Rb5 Rd2 54. Bc4 b2 55. Ba2 Rd1+ 56. Ke2 Ra1 {0-} 0-1

[Event "45th FIDE Olympiad 2024"]
[Site "Budapest"]
[Date "2024.09.14"]
[Round "4.23"]
[White "Piorun, Kacper"]
[Black "Kazakouski, Valery"]
[Result "1/2-1/2"]
[ECO "D11"]
[WhiteElo "2599"]
[BlackElo "2577"]
[Annotator "TA"]
[PlyCount "87"]
[EventDate "2024.09.05"]
[EventType "team-tourn"]
[EventCountry "HUN"]
[SourceTitle "playchess.com"]
[Source "ChessBase"]
[SourceQuality "1"]
[WhiteTeam "Poland"]
[BlackTeam "Lithuania"]
[WhiteTeamCountry "POL"]
[BlackTeamCountry "LTU"]
[TimeControl "40/5400+30:1800+30"]

1. d4 d5 2. c4 c6 3. Nf3 Nf6 4. e3 Bg4 5. h3 Bxf3 6. Qxf3 e6 7. Bd3 {[%emt 0:02:40] D11: Slav Defence: 3 Nf3 sidelines and 3...Nf6 4 e3 Bg4.} Bb4+ 8. Nc3 O-O 9. O-O Nbd7 10. Rd1 Nb6 11. cxd5 cxd5 12. Bd2 Rc8 13. Qe2 a6 $146 ({Predecessor:} 13... Re8 14. Rac1 a6 15. Be1 Qe7 16. a3 Bd6 17. f4 Qd7 18. Rc2 Rc7 19. Bh4 Be7 {½-½ Pogonina,N (2469)-Shmavonyan,A (2103) Yerevan Asrian Memorial 11th 2018 (4)}) 14. Be1 Qe7 15. a3 Bd6 16. a4 g6 17. a5 Nbd7 18. Qc2 Nb8 19. Qb3 Nc6 20. Na4 Rc7 21. Nb6 Rd8 22. Rac1 e5 23. Qa4 Qe6 24. Rc2 Re7 25. Bxa6 Nxd4 26. exd4 bxa6 27. Bb4 Bxb4 28. Qxb4 e4 29. Rc6 Qxc6 30. Qxe7 Rd6 31. b4 Kg7 32. Kh2 Re6 33. Qc5 Qe8 34. b5 e3 35. fxe3 (35. Nxd5 Nxd5 (35... exf2 36. Nc7 $11) (35... e2 36. Re1 $11) 36. Qxd5 exf2 $15) (35. bxa6 $2 Qb8+ (35... exf2 $2 36. Qc3 $19) 36. g3 (36. Kg1 exf2+ 37. Kxf2 Qf4+ 38. Kg1 Re2 39. Kh1 Qg3) 36... exf2 $19) 35... Qb8+ 36. Kg1 Rxe3 37. Nxd5 (37. bxa6 $2 Rxh3 38. gxh3 Qg3+ 39. Kf1 Qf3+ 40. Ke1 Ne4 $19 (40... Qe3+ $2 41. Kf1 $19) (40... Qe3+ $2 41. Kf1 $19)) (37. Rf1 {looks sharper.} Qg3 38. Nxd5 Re1 39. Qc3) 37... Nxd5 38. Qxd5 axb5 39. a6 (39. Qd7 {simplifies} Qe8 40. Qxe8 Rxe8 41. Kf2) 39... Ra3 40. Rf1 Rxa6 $2 (40... Qe8 $2 41. Qb7 $18) (40... Qa7 $11) 41. Rxf7+ $18 (41. Qxf7+ Kh6 $16) 41... Kh6 {[%emt 0:05:15] [#]} 42. Qd7 $1 Qh8 {[%emt 0:02:45] [#]} 43. Qxb5 $2 (43. g4 $1 $18 {[%cal Rg4g5] g5+ would kill now.} g5 44. h4 (44. Qxb5 $2 {too greedy.} Qxd4+ 45. Rf2 Ra1+ $19) 44... gxh4 45. Qd5 (45. Qxb5 Qxd4+ 46. Rf2 Qxg4+ 47. Rg2 Qd4+ 48. Rf2 Ra1+) (45. g5+ Kxg5 46. Qxb5+ Kg6 $18) 45... Ra1+ 46. Kf2 Ra2+ 47. Qxa2 Qxd4+ 48. Kf3 Qd1+ 49. Ke3 Qg1+ 50. Rf2 (50. Qf2 Qc1+ 51. Ke4 Qc6+ 52. Ke5 Qc3+ 53. Kd5 Qc4+ 54. Kd6 Qxg4 $18) 50... Qe1+ 51. Kf4) 43... Qxd4+ $11 44. Kh1 1/2-1/2

[Event "45th FIDE Olympiad 2024"]
[Site "Budapest"]
[Date "2024.09.14"]
[Round "4.23"]
[White "Momin Fayzan"]
[Black "Combs, Daniel"]
[Result "1-0"]
[ECO "E16"]
[WhiteElo "2064"]
[BlackElo "1688"]
[PlyCount "91"]
[EventDate "2024.09.05"]
[EventType "team-tourn"]
[EventCountry "HUN"]
[WhiteTeam "Pakistan"]
[BlackTeam "Guam"]
[WhiteTeamCountry "PAK"]
[BlackTeamCountry "GMA"]
[TimeControl "40/5400+30:1800+30"]

1. c4 Nf6 2. d4 e6 3. Nf3 Bb4+ 4. Bd2 Be7 5. g3 b6 6. Bg2 Bb7 7. Nc3 O-O 8. O-O d5 9. cxd5 exd5 10. Ne5 h6 11. Rc1 Nbd7 12. Qa4 Nxe5 13. dxe5 Nh7 14. Rfd1 c5 15. Be1 Qc7 16. Bxd5 Bxd5 17. Nxd5 Qxe5 18. Bc3 Qe6 19. Nc7 Qg6 20. Nxa8 Rxa8 21. Qd7 Qe6 22. Qxe6 fxe6 23. Rd7 Kf7 24. Rcd1 Nf6 25. Bxf6 Kxf6 26. b3 b5 27. Rb7 a6 28. Rdd7 Re8 29. f4 g6 30. e4 Kf7 31. Kf2 Kf8 32. e5 h5 33. Ke3 Kf7 34. Ke4 Kf8 35. Ra7 Kf7 36. Rxa6 Kf8 37. Rxe6 Kf7 38. Ra6 b4 39. Kd5 Rc8 40. Raa7 Re8 41. Rxe7+ Rxe7 42. Rxe7+ Kxe7 43. Kxc5 Ke6 44. Kxb4 Kf5 45. a4 Ke6 46. Kc5 1-0

[Event "45th FIDE Olympiad 2024"]
[Site "Budapest"]
[Date "2024.09.14"]
[Round "4.24"]
[White "Laurusas, Tomas"]
[Black "Gumularz, Szymon"]
[Result "1/2-1/2"]
[ECO "E11"]
[WhiteElo "2569"]
[BlackElo "2571"]
[Annotator "TA"]
[PlyCount "96"]
[EventDate "2024.09.05"]
[EventType "team-tourn"]
[EventCountry "HUN"]
[SourceTitle "playchess.com"]
[Source "ChessBase"]
[SourceQuality "1"]
[WhiteTeam "Lithuania"]
[BlackTeam "Poland"]
[WhiteTeamCountry "LTU"]
[BlackTeamCountry "POL"]
[TimeControl "40/5400+30:1800+30"]

1. d4 Nf6 2. c4 e6 3. Nf3 Bb4+ 4. Nbd2 Be7 5. e3 O-O 6. Be2 d5 7. O-O b6 8. b3 {[%emt 0:02:43] White has an edge.} Bb7 9. Bb2 Nbd7 10. Rc1 c5 11. cxd5 Nxd5 12. a3 a5 13. Bb5 Nc7 14. Be2 Nd5 15. Bb5 Nc7 16. Bc4 Rc8 17. Qe2 cxd4 18. Nxd4 Bc5 19. Rfd1 (19. Bd3 {with more complications.} Qh4 20. Rfd1 Ne5 21. N2f3) 19... Qe7 20. Nc2 Rfd8 21. Qg4 {[%emt 0:00:52][%csl Gb2][%cal Rg4g7] [#]} Nf6 22. Qh4 h6 23. Be2 Nce8 24. b4 axb4 25. axb4 Nd5 (25... Ne4 $5 26. Qxe7 Bxe7 $17) 26. Qxe7 Bxe7 27. b5 $1 Nc3 28. Bxc3 Rxc3 29. Nd4 Rxc1 30. Rxc1 Ba3 {[%emt 0:01:37] This pair of bishops is nice.} 31. Rc2 Nd6 32. Nc6 Ra8 33. h3 Kf8 34. Nb3 Ke8 35. Bd3 Nc8 36. f4 (36. Kf1 $11) 36... Bd6 $15 37. Kf2 Ra3 38. Rb2 Ne7 39. Be4 Ra4 40. Bf3 Nc8 41. Rc2 Bxc6 42. bxc6 Kd8 (42... Rb4 $11 43. Nd4 Bc5) 43. Nd4 $14 Na7 {[%emt 0:01:08] Inhibits Nb5.} 44. Rb2 ({Better is} 44. f5 $14 e5 45. Ne2) 44... Kc7 $11 45. Ke2 (45. Rd2 $11 {keeps the balance.}) 45... Bc5 (45... Bxf4 $1 $17 46. Nxe6+ fxe6 47. exf4 Rc4 (47... Rxf4 48. Rd2 $17) (47... Nxc6 $2 48. Rc2 $18)) 46. Rd2 (46. Nb3 $1 $15 Rb4 (46... Nxc6 47. Rc2 $15) 47. Ra2 Nxc6 48. Nc1) 46... Bxd4 $17 {[%emt 0:02:50] Black is better.} 47. exd4 {[%emt 0:00:09] [#]} Nb5 $1 (47... Nxc6 $2 {too greedy.} 48. Rc2 $16) 48. Ke3 Nd6 {[%emt 0:04:47] Weighted Error Value: White=0.16 (very precise) /Black=0.08 (flawless) .  Mistake:       	White=4     	Black=2      Inaccurate:     	White=2     	Black=2      OK:         	White=15    	Black=17     Best:        	White=2     	Black=3      Strong:       	White=1     	Black=1} 1/2-1/2

[Event "45th FIDE Olympiad 2024"]
[Site "Budapest"]
[Date "2024.09.14"]
[Round "4.24"]
[White "Doria, Daniel"]
[Black "Mudasir, Iqbal"]
[Result "0-1"]
[ECO "A38"]
[WhiteElo "1745"]
[BlackElo "2055"]
[PlyCount "72"]
[EventDate "2024.09.05"]
[EventType "team-tourn"]
[EventCountry "HUN"]
[WhiteTeam "Guam"]
[BlackTeam "Pakistan"]
[WhiteTeamCountry "GMA"]
[BlackTeamCountry "PAK"]
[TimeControl "40/5400+30:1800+30"]

1. c4 c5 2. Nc3 Nc6 3. g3 g6 4. Bg2 Bg7 5. Nf3 Nf6 6. d3 d6 7. O-O O-O 8. a3 Rb8 9. Rb1 a5 10. Bd2 h6 11. Qc1 Kh7 12. e4 Bg4 13. h3 Bxf3 14. Bxf3 Nd4 15. Bg2 b5 16. cxb5 Rxb5 17. Re1 Rb3 18. Ne2 Nxe2+ 19. Rxe2 Nd7 20. Qc2 a4 21. f4 Qb6 22. Be3 Rb8 23. Qc4 Qb5 24. Qxb5 R8xb5 25. e5 Rb6 26. d4 Rxa3 27. dxc5 Nxc5 28. Bxc5 dxc5 29. bxa3 Rxb1+ 30. Kf2 e6 31. Bc6 Ra1 32. Re3 Bf8 33. Rc3 Ra2+ 34. Kf3 c4 35. Rxc4 Rxa3+ 36. Kg4 h5+ {0-} 0-1

[Event "45th FIDE Olympiad 2024"]
[Site "Budapest"]
[Date "2024.09.14"]
[Round "4.25"]
[White "Kadric, Denis"]
[Black "Suleymanli, Aydin"]
[Result "0-1"]
[ECO "C54"]
[WhiteElo "2553"]
[BlackElo "2632"]
[Annotator "TA"]
[PlyCount "70"]
[EventDate "2024.09.05"]
[EventType "team-tourn"]
[EventCountry "HUN"]
[SourceTitle "playchess.com"]
[Source "ChessBase"]
[SourceQuality "1"]
[WhiteTeam "Montenegro"]
[BlackTeam "Azerbaijan"]
[WhiteTeamCountry "MNE"]
[BlackTeamCountry "AZE"]
[TimeControl "40/5400+30:1800+30"]

1. e4 e5 2. Nf3 Nc6 3. Bc4 Nf6 4. d3 Bc5 5. c3 d6 6. a4 {[%emt 0:00:09] Strongly threatening b4.} a5 7. Bg5 h6 8. Bh4 {[%emt 0:00:03] The position is equal.} g5 9. Bg3 O-O 10. Nbd2 Ba7 11. h3 Nh7 12. Nf1 Kg7 13. Ne3 Ne7 14. d4 f5 15. exf5 (15. dxe5 f4 16. Bh2 (16. exd6 cxd6 17. Bh2 fxe3 $17) 16... fxe3 $17) 15... e4 16. Nd2 Nxf5 17. Nxf5+ (17. Nxe4 Nxe3 18. fxe3 Qe7 $17) 17... Bxf5 18. Nf1 Qe8 (18... Nf6 $142) 19. Ne3 Bd7 20. Qb3 (20. h4 $142) 20... Nf6 $16 21. h4 (21. Qxb7 Bb6 22. Bxd6 Rb8 $19) 21... Rb8 (21... g4 $16 {might work better.}) 22. hxg5 $18 hxg5 23. Bb5 (23. O-O-O $18) 23... Qe6 {[%emt 0:04:56] [#]} 24. Bc4 (24. Qc2 $142 $1) 24... Qe8 $16 25. Nd5 Nxd5 26. Bxd5 Rf5 27. Kd2 (27. Bxb7 $2 Be6 (27... Bc8 $2 28. Bxc8 Rxb3 29. Bxf5 $19) 28. c4 (28. d5 $2 Bxd5 29. Qxd5 Rxd5 $19) 28... Bc8 $19 (28... Bxd4 $2 29. O-O $19)) (27. Rh2 $16) 27... b5 $1 $11 28. Bxe4 $2 Qxe4 $19 29. Rae1 bxa4 (29... Qxg2 $2 {perishes.} 30. Re7+ Kg6 31. Reh7 $18) 30. Rxe4 {[%emt 0:04:24] [#] Hoping for Re7+. Black is clearly winning.} Rxb3 ({Worse is} 30... axb3 31. Re7+ Rf7 32. Rh7+ Kxh7 33. Rxf7+ Kg6 34. Rxd7 $15) 31. Re7+ Rf7 32. Rh7+ Kxh7 33. Rxf7+ Kg6 34. Rxd7 Rxb2+ 35. Kc1 a3 {[%emt 0:00:20] Never resign too early!   Weighted Error Value: White=0.55/Black=0.11 (very precise) .  Loses game:     	White=1     	---        Mistake:       	White=4     	Black=2      Inaccurate:     	White=1     	Black=2      OK:         	White=7     	Black=6      Best:        	White=1     	Black=6      Strong:       	---       	Black=1} 0-1

[Event "45th FIDE Olympiad 2024"]
[Site "Budapest"]
[Date "2024.09.14"]
[Round "4.25"]
[White "Tchouka, Yakini"]
[Black "Kao, Jamison Edrich"]
[Result "0-1"]
[ECO "B66"]
[WhiteElo "1932"]
[BlackElo "2125"]
[PlyCount "88"]
[EventDate "2024.09.05"]
[EventType "team-tourn"]
[EventCountry "HUN"]
[WhiteTeam "Togo"]
[BlackTeam "Hong Kong, China"]
[WhiteTeamCountry "TOG"]
[BlackTeamCountry "HKG"]
[TimeControl "40/5400+30:1800+30"]

1. e4 c5 2. Nf3 d6 3. d4 cxd4 4. Nxd4 Nf6 5. Nc3 Bd7 6. Bg5 e6 7. Qd2 a6 8. Be2 Nc6 9. Nb3 b5 10. a3 h6 11. Bh4 Ne5 12. f4 Nc4 13. Qc1 Qb6 14. Bf2 Qb7 15. O-O Rc8 16. Bd3 Be7 17. Nd2 O-O 18. h3 Bc6 19. Re1 d5 20. exd5 Nxd5 21. Nxd5 Bxd5 22. Kh2 Bf6 23. c3 Nxd2 24. Qxd2 Bxg2 25. Rg1 Be4 26. Qe2 Bxd3 27. Qxd3 Rfd8 28. Qe3 Qd5 29. Rg2 Qd3 30. Qb6 Qd6 31. Qe3 Rc4 32. Bg3 Qc5 33. Qf3 Qd5 34. Qg4 h5 35. Qe2 h4 36. Bf2 Rxf4 37. Rag1 Qf5 38. Be1 Rd3 39. Rg4 Rff3 40. Qg2 Be5+ 41. Bg3 hxg3+ 42. Kh1 Rf2 43. Qa8+ Kh7 44. Rh4+ Kg6 {0-} 0-1

[Event "45th FIDE Olympiad 2024"]
[Site "Budapest"]
[Date "2024.09.14"]
[Round "4.26"]
[White "Abasov, Nijat"]
[Black "Petrov, Nikita"]
[Result "1/2-1/2"]
[ECO "E11"]
[WhiteElo "2626"]
[BlackElo "2574"]
[Annotator "TA"]
[PlyCount "60"]
[EventDate "2024.09.05"]
[EventType "team-tourn"]
[EventCountry "HUN"]
[SourceTitle "playchess.com"]
[Source "ChessBase"]
[SourceQuality "1"]
[WhiteTeam "Azerbaijan"]
[BlackTeam "Montenegro"]
[WhiteTeamCountry "AZE"]
[BlackTeamCountry "MNE"]
[TimeControl "40/5400+30:1800+30"]

1. d4 Nf6 2. Nf3 d5 3. c4 e6 4. g3 Bb4+ 5. Bd2 a5 6. Bg2 O-O 7. Qc2 c5 8. cxd5 cxd4 9. Nxd4 exd5 {[%emt 0:02:08][%cal Ob8c6] White is slightly better.} (9... Bxd2+ 10. Qxd2 (10. Nxd2 exd5 11. O-O Bd7 $14) 10... exd5 11. Nc3) 10. O-O Re8 11. e3 Bd7 12. a3 {[%emt 0:08:17] White is more active.} Bxd2 13. Nxd2 Nc6 14. Nxc6 bxc6 15. Nb3 h5 16. Nc5 h4 17. Nxd7 Qxd7 18. Rfd1 hxg3 19. hxg3 Rab8 20. Rd4 Rb6 {[%emt 0:00:47] The position is equal.} 21. b4 axb4 22. axb4 Qd6 23. Rc1 Reb8 24. Qc3 (24. Rf4 {with more complications.} Nh5 25. Rh4 Nf6 26. Bf3) 24... Rxb4 (24... Qe5 {seems wilder.} 25. e4 Rb5 26. Qd3 dxe4 27. Bxe4 Rxb4 28. Rd8+ Rxd8 29. Qxd8+ Qe8) 25. Rxb4 Rxb4 (25... Qxb4 {keeps more tension.} 26. Qxc6 d4 27. exd4 Qxd4 28. Rc4 Qe5) 26. Qxc6 Qxc6 27. Rxc6 $11 {[%emt 0:00:04] KRB-KRN} d4 28. exd4 Rxd4 29. Bf3 Kf8 30. Kg2 Ke7 {[%emt 0:00:09] Weighted Error Value: White=0.05 (flawless) /Black=0.07 (flawless) .  Inaccurate:     	---       	Black=2      OK:         	White=6     	Black=7} 1/2-1/2

[Event "45th FIDE Olympiad 2024"]
[Site "Budapest"]
[Date "2024.09.14"]
[Round "4.26"]
[White "Lam, Daniel King Wai"]
[Black "Egbe, Kossi Thierry"]
[Result "1-0"]
[ECO "B07"]
[WhiteElo "2088"]
[BlackElo "1847"]
[PlyCount "71"]
[EventDate "2024.09.05"]
[EventType "team-tourn"]
[EventCountry "HUN"]
[WhiteTeam "Hong Kong, China"]
[BlackTeam "Togo"]
[WhiteTeamCountry "HKG"]
[BlackTeamCountry "TOG"]
[TimeControl "40/5400+30:1800+30"]

1. e4 d6 2. d4 Nf6 3. Nc3 g6 4. Bg5 Bg7 5. Qd2 c6 6. f4 h6 7. Bh4 Qb6 8. O-O-O Bg4 9. Be2 Bxe2 10. Ngxe2 Nbd7 11. e5 Ng8 12. exd6 e6 13. g4 h5 14. h3 Bf6 15. Bf2 O-O-O 16. Ne4 Nb8 17. N2c3 Qa5 18. Kb1 Bg7 19. Bh4 Rd7 20. Nc5 Rxd6 21. N3e4 Qc7 22. Nxd6+ Qxd6 23. Ne4 Qd5 24. Qe2 hxg4 25. hxg4 Na6 26. c4 Qd7 27. d5 exd5 28. cxd5 cxd5 29. Nd6+ Qxd6 30. Qe8+ Kc7 31. Rc1+ Nc5 32. Bd8+ Qxd8 33. Rxc5+ Kd6 34. Qxd8+ Kxc5 35. Rxh8 Bxh8 36. Qxg8 1-0